 Dungeon Crawl Stone Soup version 0.17-a0-427-ga655056 (webtiles) character file.

462 McCoppin the Slasher (level 6, -6/47 HPs)
             Began as a Demonspawn Chaos Knight on Apr 3, 2015.
             Mangled by Sigmund
             ... wielding a +0 scythe
              (11 damage)
             ... on level 4 of the Dungeon.
             The game lasted 00:09:44 (2861 turns).

McCoppin the Slasher (Demonspawn Chaos Knight)      Turns: 2861, Time: 00:09:44

Health: -6/47      AC: 12    Str: 14    XL:     6   Next: 79%
Magic:  6/6        EV: 11    Int: 16    God:    Xom [.....*]
Gold:   184        SH:  0    Dex: 13    Spells: 0 memorised, 5 levels left

rFire  . . .     SeeInvis .     a - +0 falchion (chaos)
rCold  . . .     Clarity  .     b - +2 leather armour
rNeg   . . .     SustAb   .     (no shield)
rPois  .         Gourm    .     i - +0 helmet {Int+3}
rElec  .         Spirit   .     (no cloak)
rCorr  .         Warding  .     (no gloves)
rMut   .         Stasis   .     (no boots)
MR     .....                    (no amulet)
Stlth  +.........               (no ring)
                                (no ring)

@: about to teleport, not resistant to hostile enchantments, very unstealthy
A: hooves 1, iridescent scales 2, powered by death 1
a: Renounce Religion


You were on level 4 of the Dungeon.
You worshipped Xom.
You were Xom's teddy bear.
You were hungry.

You visited 1 branch of the dungeon, and saw 4 of its levels.

You collected 184 gold pieces.

Inventory:

Hand weapons
 a - a +0 falchion of chaos (weapon)
 e - a +1 blowgun
Missiles
 g - 19 poisoned needles
 n - 3 needles of sleeping
Armour
 b - a +2 leather armour (worn)
 i - a +0 helmet of intelligence (worn)
 o - a +0 plate armour
Magical devices
 h - a wand of magic darts (37)
Scrolls
 f - a scroll of immolation
 k - a scroll of teleportation
Comestibles
 c - 2 bread rations


   Skills:
 - Level 3.0 Fighting
 + Level 7.1 Long Blades
 - Level 1.7 Armour
 - Level 0.8 Dodging


You had 5 spell levels left.
You didn't know any spells.

Dungeon Overview and Level Annotations

Branches:
Dungeon (4/15)
 Temple: D:4-7

Altars:
Qazlal
Trog
Zin

Annotations:
D:4 Edmund, Sigmund


Innate Abilities, Weirdness & Mutations

You have large cloven feet.
You are mostly covered in iridescent scales (AC +6).
You can steal the life force of nearby defeated enemies.


Message History

Xom's power flows through you!
You blink.
Edmund hits you but does no damage.
You slash the goblin!
You kill the goblin!
Edmund closely misses you.
Edmund says, "You wouldn't believe how much I paid for this flail."
Xom smirks.
You detect creatures!
You are now Xom's teddy bear.
Edmund clears his throat.
Sigmund the Dreaded comes into view.
He is wielding a scythe.
Sigmund shouts!
Xom gives a demonstration of destructive might.
Edmund is outlined in light.
Read which item? (? for menu, Esc to quit)
As you read the scroll of teleportation, it crumbles to dust.
You feel strangely unstable.
Sigmund hits you from afar with a scythe!
You die...
Xom cackles wildly!

#......# #......#
###....# #......#
#....######......+
#.........#......#
#.##......'.....<.
g
#.##......#.##+#..
#.##......#....##.
#@###+#######)....
#@# ####'####
#.......##.(......
#..@....##........
#.......##........
K
#.###.####........
#.# .# #........


PP P a #.# # #....†... #.# #........ #.# #........ You could see Edmund and
Sigmund.

Vanquished Creatures
  A giant frog (D:4)
  A hound (D:4)
  An orc priest (D:4)
  3 orc wizards (D:4)
  A worker ant (D:4)
  A hound skeleton (D:4)
  Robin (D:2)
  4 gnolls (D:2)
  7 adders
  A giant mite (D:3)
  2 worms
  4 giant geckos
  2 orcs
  9 bats
  4 giant cockroaches
  13 goblins
  11 hobgoblins
  6 jackals
  A quokka (D:2)
  A giant newt (D:4)
  7 kobolds
  7 rats
88 creatures vanquished.

Vanquished Creatures (collateral kills)
  A giant newt (D:2)
1 creature vanquished.

Vanquished Creatures (others)
  2 hobgoblins (D:2)
  A goblin (D:2)
  A hobgoblin zombie (D:2)
4 creatures vanquished.

Grand Total: 93 creatures vanquished

Notes
Turn   | Place    | Note
--------------------------------------------------------------
     0 | D:1      | McCoppin, the Demonspawn Chaos Knight, began the quest for the Orb.
     0 | D:1      | Reached XP level 1. HP: 18/18 MP: 1/1
     7 | D:1      | XOM: potion effect (berserk rage)
   117 | D:1      | Gained mutation: You are partially covered in iridescent scales (AC +4). [demonic ancestry]
   117 | D:1      | Reached XP level 2. HP: 24/24 MP: 2/2
   335 | D:1      | XOM: harmless Erth miscast
   414 | D:2      | XOM: smoke on damage
   505 | D:2      | XOM: mild Pois miscast
   585 | D:2      | XOM: divination: detect creatures
   591 | D:2      | XOM: divination: magic mapping
   721 | D:2      | Gained mutation: You can steal the life force of nearby defeated enemies. [demonic ancestry]
   721 | D:2      | Reached XP level 3. HP: 29/29 MP: 3/3
   747 | D:2      | Noticed Robin
   753 | D:2      | XOM: potion effect (invisibility)
   764 | D:2      | Killed Robin
   764 | D:2      | Reached skill level 4 in Long Blades
   908 | D:2      | Reached XP level 4. HP: 35/35 MP: 4/4
   979 | D:2      | HP: 1/35 [something (1)]
  1068 | D:2      | Found a glowing silver altar of Zin.
  1171 | D:2      | Reached skill level 5 in Long Blades
  1224 | D:2      | Found a stormy altar of Qazlal.
  1555 | D:3      | Gained mutation: You have large cloven feet. [demonic ancestry]
  1555 | D:3      | Reached XP level 5. HP: 41/41 MP: 5/5
  1571 | D:3      | XOM: colour smoke trail
  2014 | D:3      | XOM: colour smoke trail
  2123 | D:3      | XOM: smoke on damage
  2128 | D:3      | XOM: mild Conj miscast
  2534 | D:4      | Reached skill level 6 in Long Blades
  2599 | D:4      | Gained mutation: You are mostly covered in iridescent scales (AC +6). [demonic ancestry]
  2599 | D:4      | Reached XP level 6. HP: 47/47 MP: 6/6
  2603 | D:4      | XOM: divination: detect items
  2773 | D:4      | Reached skill level 7 in Long Blades
  2806 | D:4      | Found a bloodstained altar of Trog.
  2815 | D:4      | Noticed Edmund
  2836 | D:4      | HP: 2/47 [Edmund/flail of holy wrath (4)]
  2852 | D:4      | XOM: cast spell 'Blink'
  2857 | D:4      | XOM: divination: detect creatures
  2859 | D:4      | Noticed Sigmund
  2860 | D:4      | XOM: fake destruction
  2861 | D:4      | Mangled by Sigmund

Action                   |  1- 3 |  4- 6 || total
-------------------------+-------+-------++-------
Melee: Falchion          |   106 |   246 ||   352
  Use: Potion            |       |     3 ||     3
       Scroll            |       |     8 ||     8
 Stab: Invisible         |     2 |       ||     2
       Paralysed         |       |     1 ||     1
  Eat: Chunk             |     1 |     6 ||     7
